Unix NetHack Version 5.0.0-0 post-release - last build May 31 2026 23:59:36 (970b52f25bf058293b47ddfd14a1e40e571c508c,branch:main).

Game began 2026-06-09 10:32:49, ended 2026-06-09 11:57:47.

LDaviesPeters, neutral female human Archeologist

    ----------          ---------------------------------
    |.%......|          |...............................|
    |.....%%.-#         |.----....-----|---------       .
    |.>^.....|####      |.|  |....+.[%|..|              |
    --+-------   ###### |.|  |---.|.%?|..|
      ####            ##|.|  |..|.|..%|---
         ##            #|.-+-|..|.----|
          #            #|....-|--..|..|    .
          ###          #|..........-..|+--.-
            %          #|.)..--|-.----|....|
         ---.----      #|....|..|.|  .-.(.
         |.....<|      #|.-|-|..|.|   |.----
         |......|      #|.|..|..|.|   |.|..|
         |......-#######..|..|---.|   |.+@.|
         |......|      #|.----....-----[----- -  -----  |
         --------       |......).....%.)................|
                        ---------------------------------

LDaviesPeters the Investigator  St:14 Dx:10 Co:17 In:13 Wi:15 Ch:12  Neutral
Dlvl:7  $:0  HP:0(56) Pw:45(45) AC:0  Xp:7 T:6840  FoodPois Satiated

Latest messages:
 You miss the wolf.
 The wolf misses!
 You lash the wolf!
 The wolf bites!
 You lash the wolf!
 The wolf bites!
 You kill the wolf!
 There is a wolf corpse here; eat it? [ynq] (n) y
 Ulch - that meat was tainted!
 You feel deathly sick.
 (It must have died too long ago to be safe to eat.)
 Are you sure you want to pray? [yn] (n) y
 You begin praying to Camaxtli.
 You finish your prayer.
 The voice of Camaxtli booms out: 
 "Thou art arrogant, mortal."
 "Thou must relearn thy lessons!"
 You feel foolish!
 Goodbye level 8.
 In what direction? 4
 The door closes.
 You don't know any spells right now.
 What do you want to use or apply? [abfgiklq-xzBGSW or ?*] b
 O - an uncursed white potion.
 What do you want to drink? [O or ?*] O
 This burns like acid!
 Call a white potion: acid
 Your sickness feels worse.
 What do you want to use or apply? [abfgiklq-xzBGSW or ?*] b
 e - an emerald potion.
 K - a golden potion.
 What do you want to drink? [eK or ?*] e
 You feel self-knowledgeable...
 The feeling subsides.
 Your sickness is severe.
 What do you want to drink? [K or ?*] K
 You sense the presence of monsters.
 (For instructions type a '?')
 Done.
 What do you want to eat? [cdD or ?*] ?
 This lembas wafer is delicious!
 You are at Death's door.
 You're having a hard time getting all of it down.
 You're finally finished.
 You die from your illness.
 Do you want your possessions identified? [ynq] (y) y
 Do you want to see your attributes? [ynq] (y) y
 Do you want an account of creatures vanquished? [ynaq] (y) n
 Do you want to see your conduct and achievements? [ynq] (y) y
 Do you want to see the dungeon overview? [ynq] (y) n

Inventory:
 Weapons  (')')
  H - 7 +0 daggers
  a - a +2 bullwhip (weapon in right hand)
 Armor    ('[')
  F - an uncursed +1 orcish helm (being worn)
  m - an uncursed +0 pair of iron shoes (being worn)
  E - an uncursed +0 dwarvish mithril-coat (being worn)
 Comestibles  ('%')
  d - 2 uncursed food rations
  c - an uncursed sprig of wolfsbane
 Rings    ('=')
  L - an uncursed ring of free action
  A - an uncursed ring of teleport control (on left hand)
 Wands    ('/')
  q - a wand of cold (0:0)
  z - a wand of death (0:1)
  S - a wand of fire (0:0)
  W - a wand of magic missile (0:3)
  s - a wand of magic missile (0:1)
  r - a wand of polymorph (0:7)
  u - a blessed wand of secret door detection (0:11)
  x - a wand of speed monster (0:3)
  w - a wand of stasis (0:3)
  v - a wand of stasis (0:2)
  G - a blessed wand of striking (0:1)
  t - a wand of teleportation (0:5)
 Tools    ('(')
  b - an uncursed sack containing 8 items
  i - a magic marker (0:21)
  k - an uncursed skeleton key
  l - 2 uncursed tallow candles
  f - a tinning kit (0:33)
  B - an uncursed towel
 Gems/Stones  ('*')
  M - an uncursed agate stone
  N - an uncursed black opal
  T - an uncursed garnet stone
  y - an uncursed jasper stone
  g - an uncursed touchstone

Contents of the sack:
  286 gold pieces
  an uncursed scroll of destroy armor
  an uncursed scroll of enchant armor
  an uncursed scroll of gold detection
  an uncursed scroll of identify
  an uncursed scroll of magic mapping
  a cursed potion of restore ability
  a +0 pick-axe

LDaviesPeters the Archeologist's attributes:

Background:
 You were an Investigator, a level 7 female human Archeologist.
 You were neutral, on a mission for Camaxtli
 who was opposed by Quetzalcoatl (lawful) and Huhetotl (chaotic).
 You were right-handed.
 You were in the Gnomish Mines, on level 7.
 You entered the dungeon 6840 turns ago.
 You had 1279 experience points, 1 more was needed to attain level 8.

Basics:
 You had 0 out of 56 hit points.
 You had all 45 energy points (spell power).
 Your armor class was 0.
 Your wallet was empty, but
 you had 286 zorkmids stashed away in your pack.
 Autopickup was off.

Final Characteristics:
 Your strength was 14 (limit:18/100).
 Your dexterity was 10 (limit:18).
 Your constitution was 17 (limit:18).
 Your intelligence was 13 (limit:18).
 Your wisdom was 15 (peak:16, limit:18).
 Your charisma was 12 (limit:18).

Final Status:
 You died from food poisoning.
 You were satiated.
 You were unencumbered.
 You were wielding a whip.
 You had expert skill with whip.

Final Attributes:
 You were piously aligned.
 You were cold resistant.
 You were telepathic.
 You had automatic searching.
 You were stealthy.
 You had teleport control.
 You were guarded.
 You were unlucky.
 Camaxtli was angry with you.
 You are dead.

Miscellaneous:
 You encountered 1 bones level.
 Total elapsed playing time was 1 hour, 24 minutes and 56 seconds.

Major events:
 Turn
    1: LDaviesPeters the neutral female human Archeologist entered the dungeon
 1026: entered the Gnomish Mines
 1032: attained the rank of Field Worker (level 3)
 3229: attained the rank of Investigator (level 6)
 6521: reached Mine Town
 6840: poisoned by a rotted wolf corpse

You didn't know any spells.

Skills:
 Fighting Skills
   bare handed combat [Unskilled]
   two weapon combat  [Unskilled]
   riding             [Unskilled]
 Weapon Skills
   dagger             [Unskilled]
   knife              [Unskilled]
   pick-axe           [Basic]
   short sword        [Unskilled]
   saber              [Unskilled]
   club               [Unskilled]
   quarterstaff       [Unskilled]
   sling              [Unskilled]
   dart               [Unskilled]
   boomerang          [Unskilled]
   whip               [Expert]
   unicorn horn       [Unskilled]
 Spellcasting Skills
   attack spells      [Unskilled]
   healing spells     [Unskilled]
   divination spells  [Unskilled]
   matter spells      [Unskilled]

Voluntary challenges:
 Character rerolling was not enabled.
 You never genocided any monsters.
 You never polymorphed an object.
 You never changed form.
 You used no wishes.
Achievements:
 You entered the Gnomish Mines.
 You attained the rank of Field Worker.
 You entered a shop.
 You attained the rank of Investigator.
 You entered Minetown.

 The Dungeons of Doom: levels 1 to 8
    Level 1:
       A grave.
    Level 2:
    Level 3:
       Some fountains.
       Stairs down to The Gnomish Mines.
    Level 4:
       A wand shop, a fountain.
    Level 5:
       A sink.
    Level 6:
       An altar, a fountain.
    Level 7:
       A fountain.
    Level 8:
 The Gnomish Mines: levels 4 to 8
    Level 4:
    Level 5:
    Level 6:
    Level 7: <- You were here.
       A general store, a fountain, a grave.
       Final resting place for
          you, poisoned by a rotted wolf corpse,
          pakka-Val-Dwa-Fem-Law, killed by a wolf.
    Level 8:


Vanquished creatures:
  a ghost
  a warg
  a winter wolf
  a giant beetle
 11 wolves
  a lynx
  a leprechaun
  a giant spider
  a gnome ruler
  a brown pudding
  2 dingoes
  4 human zombies
  a quasit
  a wood nymph
  a rock piercer
  2 rock moles
  a yellow light
  2 shriekers
  9 gnome leaders
  2 gnomish wizards
  8 elf zombies
  a straw golem
  a giant ant
  2 floating eyes
  8 dwarves
  2 homunculi
  6 hill orcs
  2 rothes
  3 giant bats
  4 orc zombies
  a wererat
 an iguana
  3 acid blobs
  a large kobold
  a hobgoblin
  a giant rat
  2 cave spiders
  a yellow mold
  2 green molds
 27 gnomes
  a gnome zombie
  2 geckos
  9 jackals
  2 foxes
  4 kobolds
  2 goblins
  6 grid bugs
  a bat
 12 lichens
  7 newts
168 creatures vanquished.

No species were genocided or became extinct.

Game over:
                       ----------
                      /          \
                     /    REST    \
                    /      IN      \
                   /     PEACE      \
                  /                  \
                  |  LDaviesPeters   |
                  |      286 Au      |
                  |  poisoned by a   |
                  |   rotted wolf    |
                  |      corpse      |
                  |                  |
                  |       2026       |
                 *|     *  *  *      | *
        _________)/\\_//(\/(/\)/\//\/|_)_______

Goodbye LDaviesPeters the Archeologist...

You were poisoned in The Gnomish Mines on dungeon level 7 with 6892 points,
and 286 pieces of gold, after 6840 moves.
You were level 7 with a maximum of 56 hit points when you were poisoned.

